[Event "Team 45 45 League T41"]
[Site "Internet Chess Club"]
[Date "2009.05.10"]
[Round "2"]
[White "AtomicDog"]
[Black "hcarstens"]
[Result "1/2-1/2"]
[WhiteElo "1293"]
[BlackElo "1406"]
[Opening "Ruy Lopez: Marshall, main line, 12.d2d4"]
[ECO "C89"]
[Time "08:29:20"]
[TimeControl "2700+45"]

1. e4 e5 2. Nf3 Nc6 3. Bb5 a6 4. Ba4 Nf6 5. O-O Be7 6. Re1 b5 7. Bb3 O-O 8. c3
d5 9. exd5 Nxd5 10. Nxe5 Nxe5 11. Rxe5 c6 12. d4 Bd6 13. Rh5 Nf4 14. Bxf4 Bxf4
15. Qf3 Qe7 16. g3 g6 17. Rh4 Bg5 18. Re4 Be6 19. Bxe6 fxe6 20. Qe2 Rf6 21. f4
Bh6 22. Nd2 Qf7 23. Re1 Re8 24. Nf3 Bxf4 25. Rxf4 Rxf4 26. gxf4 Qf5 27. Ng5 Qxf4
28. Nxe6 Qf5 29. Qe5 Qg4+ 30. Kh1 Qf3+ 31. Kg1 Qg4+ 32. Kf2 Qh4+ 33. Qg3 Qf6+
34. Nf4 Rxe1 35. Kxe1 g5 36. Kd2 h6 37. Nd3 Kg7 38. Qe5 Kg6 39. Qxf6+ Kxf6 40.
Ke3 Kf5 41. Nf2 h5 42. h3 g4 43. hxg4+ hxg4 44. Ne4 a5 45. b3 Ke6 46. Nc5+ Kd5
47. Kf4 a4 48. Kxg4 axb3 49. Nxb3 Kc4 50. Na5+ Kxc3 51. Nxc6 Kc4 52. Kf4 Kd5 53.
Nb4+ Kxd4 54. a3 Kc4 55. Ke4 Kb3 56. Nc6 Kxa3 57. Kd4 Ka4 58. Kc5 b4 59. Nxb4
{Game drawn because neither player has mating material} 1/2-1/2

[Event "Team 45 45 League T41"]
[Site "Internet Chess Club"]
[Date "2009.05.11"]
[Round "2"]
[White "Just-Jim"]
[Black "AlPearson"]
[Result "1-0"]
[WhiteElo "1387"]
[BlackElo "1391"]
[Opening "Alekhine's defense: Krejcik variation"]
[ECO "B02"]
[Time "10:04:00"]
[TimeControl "2700+45"]

1. e4 Nf6 2. Bc4 d6 3. d3 Nc6 4. h3 g6 5. Nf3 Bg7 6. Ng5 O-O 7. a3 a6 8. c3 b5
9. Ba2 Bb7 10. Qb3 e6 11. Qd1 d5 12. exd5 Nxd5 13. O-O Qd7 14. Re1 Rad8 15. Be3
Nxe3 16. fxe3 Qxd3 17. Qxd3 Rxd3 18. Ne4 Bc8 19. Bb3 Nb8 20. Bc2 Rdd8 21. Re2
Nd7 22. Nbd2 f5 23. Nf2 Kf7 24. Nf3 Bf6 25. e4 fxe4 26. Nxe4 Bb7 27. Neg5+ Ke7
28. Rxe6# {Black checkmated} 1-0

[Event "Team 45 45 League T41"]
[Site "Internet Chess Club"]
[Date "2009.05.10"]
[Round "2"]
[White "Rubacchus"]
[Black "thefranman"]
[Result "0-1"]
[WhiteElo "1240"]
[BlackElo "1433"]
[Opening "Sicilian"]
[ECO "B50"]
[Time "13:00:07"]
[TimeControl "2700+45"]

1. e4 c5 2. Nf3 d6 3. Bc4 e6 4. Nc3 a6 5. d3 Nc6 6. a4 Nf6 7. O-O Be7 8. h3 O-O
9. Nh2 Ne5 10. Ba2 Bd7 11. Bd2 Rc8 12. f4 Ng6 13. Be1 Qc7 14. Qf3 Bc6 15. h4 Bd8
16. h5 Ne7 17. Bh4 Nd7 18. Bxe7 Bxe7 19. Qg4 Nf6 20. Qe2 b5 21. f5 exf5 22. Rxf5
Bd7 23. Nd5 Nxd5 24. Rxd5 Be6 25. axb5 axb5 26. Rf5 Bxf5 27. exf5 Qd7 28. Qg4 h6
29. Qg6 Bg5 30. Ng4 Kh8 31. Bxf7 Qxf7 32. Qxd6 Qxf5 33. Ne5 Rf6 34. Qa6 Rxa6 35.
Rxa6 Be3+ 36. Kh2 Qxe5+ 37. Kh1 {White resigns} 0-1

[Event "Team 45 45 League T41"]
[Site "Internet Chess Club"]
[Date "2009.05.09"]
[Round "2"]
[White "Rlopez"]
[Black "fishhead"]
[Result "0-1"]
[WhiteElo "1725"]
[BlackElo "1953"]
[Opening "King's Indian: Kramer system"]
[ECO "E70"]
[Time "13:00:54"]
[TimeControl "2700+45"]

1. d4 Nf6 2. c4 g6 3. Nc3 Bg7 4. e4 d6 5. Nge2 O-O 6. Ng3 e5 7. d5 Qe7 8. Be2
Na6 9. h4 h5 10. Bg5 c6 11. Qd2 Nc7 12. f4 exf4 13. Qxf4 cxd5 14. cxd5 Qe5 15.
Qxe5 dxe5 16. O-O Ng4 17. Bxg4 Bxg4 18. Be7 Rfe8 19. d6 Na6 20. Nd5 b6 21. b4
Rac8 22. Rac1 Be6 23. Rxc8 Rxc8 24. a3 Nb8 25. Nc7 Bd7 26. b5 Bg4 27. Rf2 Nd7
28. Rd2 Bh6 29. Ra2 Be3+ 30. Kf1 Kg7 31. a4 f6 32. a5 Kf7 33. axb6 Bxb6 34. Rc2
Nc5 35. Nd5 Nxe4 36. Nxe4 Rxc2 37. Nxb6 axb6 38. Nxf6 Be2+ 39. Kg1 Bxb5 40. Nd5
Bc6 41. Nxb6 Rxg2+ 42. Kf1 Rd2 43. Nc4 Rd5 44. Nb6 Rd4 45. Kf2 Ke6 46. Ke3 Rb4
47. Nc8 Kd7 48. Na7 Bd5 49. Kd3 Rb7 {White resigns} 0-1

[Event "Team 45 45 League T41"]
[Site "Internet Chess Club"]
[Date "2009.05.10"]
[Round "2"]
[White "CREDITorDEBIT"]
[Black "musk6868"]
[Result "1-0"]
[WhiteElo "1739"]
[BlackElo "1720"]
[Opening "Ruy Lopez: closed defense"]
[ECO "C84"]
[Time "14:00:50"]
[TimeControl "2700+45"]

1. e4 e5 2. Nf3 Nc6 3. Bb5 a6 4. Ba4 Nf6 5. O-O Be7 6. d3 d6 7. c3 O-O 8. Bg5 h6
9. Bh4 b5 10. Bb3 Bb7 11. Na3 Na5 12. Bc2 c5 13. Rc1 Qc7 14. Bb1 Nc6 15. Nc2
Rad8 16. Ne3 g5 17. Bg3 d5 18. exd5 Nxd5 19. Nf5 Kh7 20. d4 Bf6 21. Qc2 Bh8 22.
Nxh6+ f5 23. Nxf5 Rde8 24. Ne7+ Kg7 25. Qg6# {Black checkmated} 1-0

[Event "Team 45 45 League T41"]
[Site "Internet Chess Club"]
[Date "2009.05.10"]
[Round "2"]
[White "wbanks"]
[Black "Mater"]
[Result "1-0"]
[WhiteElo "1741"]
[BlackElo "1625"]
[Opening "Sicilian: Najdorf, 7...Be7"]
[ECO "B98"]
[Time "11:32:21"]
[TimeControl "2700+45"]

1. e4 c5 2. Nf3 d6 3. d4 cxd4 4. Nxd4 Nf6 5. Nc3 a6 6. Bg5 e6 7. f4 Be7 8. Qf3
O-O 9. Bd3 Nc6 10. Nb3 Rb8 11. O-O-O Nb4 12. e5 Nxd3+ 13. Rxd3 Nd5 14. Bxe7 Qxe7
15. exd6 Qxd6 16. Nxd5 exd5 17. Rxd5 Qc6 18. Nd4 Qa4 19. Qb3 Qe8 20. Re5 Qd8 21.
Nc6 Be6 22. Nxd8 Bxb3 23. axb3 Rfxd8 24. Rd1 Kf8 25. Rd2 f6 26. Re4 Kf7 27. f5
g6 28. fxg6+ hxg6 29. h4 f5 30. Red4 Rxd4 31. Rxd4 Ke6 32. g3 Ke5 33. c3 b5 34.
b4 Rc8 35. Kd2 Rc4 36. Rxc4 bxc4 37. Ke3 Kd5 38. Kf4 Ke6 39. g4 fxg4 40. Kxg4
Kf6 41. Kf4 Ke6 42. Kg5 Kf7 43. h5 gxh5 44. Kxh5 Kf6 45. Kg4 Ke5 46. Kf3 Kd5 47.
Kf4 {Black resigns} 1-0

[Event "Team 45 45 League T41"]
[Site "Internet Chess Club"]
[Date "2009.05.10"]
[Round "2"]
[White "andrew28"]
[Black "Paulkov"]
[Result "0-1"]
[WhiteElo "1740"]
[BlackElo "1854"]
[Opening "KP: Nimzovich defense"]
[ECO "B00"]
[Time "15:02:22"]
[TimeControl "2700+45"]

1. e4 Nc6 2. d4 d6 3. Nf3 Nf6 4. c3 Bg4 5. Bd3 e6 6. O-O Be7 7. b4 a6 8. Bb2 O-O
9. Nbd2 e5 10. a3 Re8 11. Nc4 Nd7 12. d5 Ncb8 13. Ne3 Bxf3 14. Qxf3 Bg5 15. Rae1
Qf6 16. Qh3 Qh6 17. Qf3 Nf6 18. Nf5 Qh5 19. h4 Qxf3 20. gxf3 Bf4 21. Bc1 Nh5 22.
Kh1 g6 23. Rg1 Kf8 24. Ng3 Bxc1 25. Rxc1 Nf4 26. Bf1 Nd7 27. c4 b6 28. Rc3 a5
29. c5 axb4 30. axb4 bxc5 31. Bb5 Red8 32. Bxd7 Rxd7 33. bxc5 dxc5 34. Rxc5 Ke7
35. Rc3 Ra2 36. Rf1 Kd8 37. Kg1 h5 38. Rc6 Ra3 39. Rd1 Rxf3 40. Rd2 Ra3 41. Rb2
Ra1+ 42. Kh2 Ra7 43. Nf1 Ra3 44. Ne3 Rd6 45. Nc4 Rh3+ 46. Kg1 Rxc6 47. dxc6 f6
48. Rb8+ Ke7 49. Rb7 Ne6 50. Nb6 Kd6 51. Nd5 Kxc6 52. Ra7 Rxh4 53. Ra6+ Kd7 54.
Nxf6+ Ke7 55. Nd5+ Kf7 56. f3 Rh3 57. Kf2 Rh2+ 58. Ke3 Rc2 59. Ra7 h4 60. Kd3
Rc1 61. Kd2 Rc5 62. Ne3 Nf4 63. Ng4 h3 64. Ra6 Kg7 65. Ra7 Ne6 66. Ra6 Nd4 67.
Ra8 h2 68. Nxh2 Rc2+ 69. Ke3 Rxh2 70. f4 Rh3+ 71. Kf2 Rf3+ 72. Kg2 Rxf4 73. Re8
Kf6 74. Kg3 Rxe4 75. Rc8 Ne6 76. Ra8 c5 {White resigns} 0-1

[Event "Team 45 45 League T41"]
[Site "Internet Chess Club"]
[Date "2009.05.10"]
[Round "2"]
[White "AntonioMendonca"]
[Black "katesolu"]
[Result "0-1"]
[WhiteElo "1671"]
[BlackElo "1779"]
[Opening "English opening"]
[ECO "A10"]
[Time "18:03:18"]
[TimeControl "2700+45"]

1. c4 g6 2. Nc3 Bg7 3. Nf3 e6 4. g3 Ne7 5. Bg2 O-O 6. O-O d5 7. Qb3 c6 8. d3 Nd7
9. Be3 Ne5 10. Na4 Nxf3+ 11. Bxf3 Nf5 12. Qc2 Nxe3 13. fxe3 dxc4 14. dxc4 Qc7
15. Rad1 Bd7 16. Nc5 Rfd8 17. b3 Be8 18. Rd3 Qb6 19. Rfd1 Rxd3 20. Nxd3 Qxe3+
21. Nf2 Bd4 22. Rf1 Rd8 23. Kg2 Bb6 24. Ng4 Qg5 25. h4 Qe7 26. Rd1 Rxd1 27. Qxd1
h5 28. Ne5 Bc7 29. Qd4 Qf6 30. Nxc6 e5 31. Nxe5 Bxe5 32. Qxa7 Bc6 33. Bxc6 Qxc6+
34. Kf2 b5 35. cxb5 Qxb5 36. Qa8+ Kg7 37. Qf3 Qc5+ 38. Kg2 Qa3 39. Qe3 Bb2 40.
b4 Qxe3 {White resigns} 0-1

[Event "Team 45 45 League T41"]
[Site "Internet Chess Club"]
[Date "2009.05.09"]
[Round "2"]
[White "Xjxjbo"]
[Black "rayngrant"]
[Result "1-0"]
[WhiteElo "1546"]
[BlackElo "1572"]
[Opening "French: Winawer, advance, poisoned pawn, Konstantinopolsky variation"]
[ECO "C18"]
[Time "07:09:21"]
[TimeControl "2700+45"]

1. e4 e6 2. d4 d5 3. Nc3 Bb4 4. e5 c5 5. a3 Bxc3+ 6. bxc3 Qc7 7. Qg4 Ne7 8. Qxg7
Rg8 9. Qxh7 cxd4 10. Ne2 dxc3 11. f4 Nbc6 12. Qd3 Qa5 13. Qxc3 Bd7 14. Rb1 b6
15. Qxa5 Nxa5 16. Nd4 Nf5 17. Nxf5 exf5 18. Kf2 Rc8 19. Bd3 Nc4 20. h4 Ke7 21.
h5 Rh8 22. h6 Rcg8 23. Rb3 Rh7 24. Bf1 Rg6 25. Rbh3 Na5 26. Bd2 Nc6 27. Bd3 Ke6
28. Rh5 Ne7 29. Bb4 a5 30. Bd6 f6 31. c4 fxe5 32. fxe5 Rg4 33. cxd5+ Kxd5 34.
Bxe7 {Black resigns} 1-0

[Event "Team 45 45 League T41"]
[Site "Internet Chess Club"]
[Date "2009.05.09"]
[Round "2"]
[White "allanchs"]
[Black "rojito"]
[Result "0-1"]
[WhiteElo "1545"]
[BlackElo "1711"]
[Opening "Scandinavian: Pytel-Wade variation"]
[ECO "B01"]
[Time "12:00:39"]
[TimeControl "2700+45"]

1. e4 d5 2. exd5 Qxd5 3. Nc3 Qd6 4. d4 c6 5. Nf3 Nf6 6. Be2 Bg4 7. Be3 e6 8. Qd2
Qc7 9. a3 Nbd7 10. Bf4 Bd6 11. Bxd6 Qxd6 12. O-O Bxf3 13. Bxf3 O-O 14. Rad1 Rfe8
15. Rfe1 Rad8 16. Ne4 Nxe4 17. Bxe4 Nf6 18. Qd3 Qf4 19. Qf3 Qc7 20. h3 Qb6 21.
Qc3 e5 22. Bf3 exd4 23. Rxe8+ Nxe8 24. Qd3 Qxb2 25. c3 Qxa3 26. Be4 Nf6 27. Bf3
g6 28. Qc4 d3 29. Rxd3 Rxd3 30. Qxd3 Kg7 31. Qd4 g5 32. Qe5 Qc1+ 33. Kh2 Qf4+
{White resigns} 0-1

[Event "Team 45 45 League T41"]
[Site "Internet Chess Club"]
[Date "2009.05.16"]
[Round "2"]
[White "chiiwen"]
[Black "jonesey"]
[Result "1-0"]
[WhiteElo "2096"]
[BlackElo "2040"]
[Opening "Ruy Lopez: closed, 7...O-O"]
[ECO "C88"]
[Time "11:00:30"]
[TimeControl "2700+45"]

1. e4 e5 2. Nf3 Nc6 3. Bb5 a6 4. Ba4 Nf6 5. O-O Be7 6. Re1 b5 7. Bb3 O-O 8. d4
exd4 9. e5 Ne8 10. Nxd4 Nxd4 11. Qxd4 Bb7 12. c4 d6 13. e6 fxe6 14. Rxe6 bxc4
15. Qxc4 d5 16. Qe2 Bc5 17. Be3 Bd6 18. Nc3 Qh4 19. h3 Nf6 20. Rd1 Bc8 21. Rxf6
Qxf6 22. Nxd5 Qh4 23. Nxc7+ Kh8 24. Nxa8 Qf6 25. Qh5 {Black resigns} 1-0

[Event "Team 45 45 League T41"]
[Site "Internet Chess Club"]
[Date "2009.05.12"]
[Round "2"]
[White "fledermaus"]
[Black "martineden"]
[Result "1/2-1/2"]
[WhiteElo "1979"]
[BlackElo "1997"]
[Opening "QGD Slav: Dutch variation"]
[ECO "D18"]
[Time "11:25:33"]
[TimeControl "2700+45"]

1. d4 d5 2. c4 c6 3. Nf3 Nf6 4. Nc3 dxc4 5. a4 Bf5 6. e3 e6 7. Bxc4 Bb4 8. O-O
Nbd7 9. Qe2 Bg6 10. e4 Bxc3 11. bxc3 Nxe4 12. Ba3 Qc7 13. Ne5 Nxe5 14. dxe5
O-O-O 15. a5 Qxe5 16. f3 Rd2 17. Qe1 Qg5 18. g3 Nxg3 19. hxg3 Qh6 20. Rf2 Rxf2
21. Qxf2 Rd8 22. Re1 Rd2 23. Be2 Bd3 24. Kg2 Qh5 25. Qe3 Rxe2+ 26. Rxe2 Bxe2 27.
Qxe2 Qxa5 28. Bb4 Qd5 29. Qc2 g6 30. Qa4 Qb5 31. Qxa7 Qe2+ 32. Kh3 Qf1+ 33. Kh2
Qe2+ 34. Kh3 Qf1+ 35. Kh2 Qe2+ {Game drawn by mutual agreement} 1/2-1/2

[Event "Team 45 45 League T41"]
[Site "Internet Chess Club"]
[Date "2009.05.07"]
[Round "2"]
[White "VietLion"]
[Black "Chessrascal"]
[Result "0-1"]
[WhiteElo "1927"]
[BlackElo "2241"]
[Opening "Sicilian: dragon, Yugoslav attack, Rauser variation"]
[ECO "B76"]
[Time "16:03:25"]
[TimeControl "2700+45"]

1. e4 c5 2. Nf3 d6 3. d4 cxd4 4. Nxd4 Nf6 5. Nc3 g6 6. Be3 Bg7 7. f3 Nc6 8. Qd2
O-O 9. O-O-O d5 10. exd5 Nxd5 11. Nxc6 bxc6 12. Bd4 e5 13. Bc5 Be6 14. Bxf8 Qxf8
15. Kb1 Rb8 16. Nxd5 cxd5 17. Be2 e4 18. b3 Qa3 19. Qc1 Qc5 20. a3 Qc3 21. Ka2
d4 22. Qb1 d3 23. Bxd3 exd3 24. Rxd3 Qa5 25. Qc1 Bf5 26. Rdd1 Qc3 27. Rd3 Bxd3
28. cxd3 Qxb3# {White checkmated} 0-1

[Event "Team 45 45 League T41"]
[Site "Internet Chess Club"]
[Date "2009.05.09"]
[Round "2"]
[White "chessateer"]
[Black "chess9793"]
[Result "1/2-1/2"]
[WhiteElo "1844"]
[BlackElo "1884"]
[Opening "Sicilian: closed"]
[ECO "B24"]
[Time "13:00:37"]
[TimeControl "2700+45"]

1. e4 c5 2. Nc3 Nc6 3. g3 g6 4. Bg2 Bg7 5. d3 e6 6. Be3 d6 7. Qd2 Nd4 8. Nd1 Ne7
9. c3 Ndc6 10. Bh6 O-O 11. Bxg7 Kxg7 12. f4 f5 13. Ne3 fxe4 14. dxe4 Re8 15. Nf3
d5 16. e5 b5 17. O-O Bb7 18. Ng5 Qc8 19. Ng4 h6 20. Nf3 Nf5 21. Nf6 Rd8 22. g4
Nfe7 23. Qf2 d4 24. cxd4 Nxd4 25. Nxd4 Rxd4 26. Rac1 Bxg2 27. Kxg2 Qd8 28. Rc2
Ng8 29. g5 h5 30. Qf3 Qc8 31. Rxc5 Qxc5 32. Qxa8 Rd2+ 33. Kh1 Ne7 34. Ne4 Qd5
35. Qxd5 Rxd5 36. Rf2 Nf5 37. Kg2 Ne3+ 38. Kf3 Ng4 39. Rd2 Rxd2 40. Nxd2 Nxh2+
41. Kg2 Ng4 42. Kf3 Nh2+ 43. Ke2 Kf7 44. Ne4 Ke7 45. Nd6 a6 46. a4 bxa4 47. Ne4
Ng4 48. Nc5 h4 49. Kf3 h3 50. Ne4 Nh2+ 51. Ke2 Ng4 52. Nf2 h2 53. Nh1 Kd7 54.
Kf3 Nxe5+ 55. fxe5 Kc6 56. Kg2 Kb5 57. Nf2 Kb4 58. Nd3+ Kc4 59. Nc1 Kd4 60. Kxh2
Ke3 61. Na2 Kd2 62. Nc3 a3 63. Nb1+ Kc2 64. Nxa3+ Kxb2 65. Nc4+ Kc3 66. Na5 Kd4
67. Nc6+ Kd5 68. Nb4+ Kxe5 69. Nxa6 Kf5 70. Nc5 e5 71. Kg3 Kxg5 72. Ne4+ Kf5 73.
Nd6+ Ke6 74. Ne4 Kd5 75. Kf3 Kd4 76. Ng5 {Game drawn by mutual agreement}
1/2-1/2

[Event "Team 45 45 League T41"]
[Site "Internet Chess Club"]
[Date "2009.05.13"]
[Round "2"]
[White "eurander"]
[Black "Fidius"]
[Result "1/2-1/2"]
[WhiteElo "2208"]
[BlackElo "2183"]
[Opening "Queen's pawn game, Darooha variation "]
[ECO "D02"]
[Time "01:00:57"]
[TimeControl "2700+45"]

1. d4 d5 2. Nf3 Nf6 3. c3 e6 4. Bg5 Be7 5. Nbd2 O-O 6. e3 c5 7. Bd3 Nc6 8. O-O
b6 9. Ne5 Nxe5 10. dxe5 Nd7 11. Bxe7 Qxe7 12. f4 Bb7 13. Nf3 h6 14. Qe1 a5 15.
e4 c4 16. Bc2 dxe4 17. Bxe4 Bxe4 18. Qxe4 b5 19. Nd4 Nc5 20. Qe2 Qd7 21. Rf3 Nd3
22. Raf1 Qd5 23. Rg3 Kh8 {Game drawn by mutual agreement} 1/2-1/2

[Event "Team 45 45 League T41"]
[Site "Internet Chess Club"]
[Date "2009.05.10"]
[Round "2"]
[White "tourettes"]
[Black "hewdondada"]
[Result "0-1"]
[WhiteElo "1750"]
[BlackElo "1745"]
[Opening "Scandinavian (center counter) defense"]
[ECO "B01"]
[Time "13:18:49"]
[TimeControl "2700+45"]

1. e4 d5 2. exd5 Qxd5 3. Nc3 Qa5 4. Bb5+ c6 5. Bc4 Nf6 6. Nf3 Bf5 7. O-O e6 8.
d4 Bd6 9. Re1 O-O 10. Nh4 Bg4 11. Nf3 Nbd7 12. h3 Bh5 13. Bd2 Qc7 14. Bg5 Rfe8
15. Qe2 Nd5 16. Ne4 Be7 17. Bxe7 Rxe7 18. Ng3 Nf4 19. Qd1 Rae8 20. Nxh5 Nxh5 21.
Ne5 Nxe5 22. dxe5 Nf4 23. Qd4 Ng6 24. Bd3 c5 25. Qe3 Rd8 26. Bxg6 hxg6 27. Rad1
Red7 28. Rxd7 Rxd7 29. Re2 b6 30. Rd2 Rxd2 31. Qxd2 Qxe5 32. c3 Qd5 33. Qf4 Qd8
34. Qa4 Qe7 35. Qa6 f6 36. a4 Qc7 37. Qb5 Kf7 38. g3 Qb7 39. Qd3 Qd5 40. Qa6 Qd7
41. Kg2 f5 42. Qc4 Qd5+ 43. Qxd5 exd5 44. Kf3 g5 45. Ke3 Kf6 46. b3 Ke5 47. Kd3
f4 48. g4 a5 49. f3 Kd6 50. Kd2 c4 51. b4 Ke5 52. bxa5 bxa5 53. Kc2 d4 54. Kd2
dxc3+ 55. Kxc3 Kd5 {White resigns} 0-1

[Event "Team 45 45 League T41"]
[Site "Internet Chess Club"]
[Date "2009.05.12"]
[Round "2"]
[White "RD1974"]
[Black "vollmerj"]
[Result "1-0"]
[WhiteElo "1674"]
[BlackElo "1672"]
[Opening "Alekhine's defense: exchange variation"]
[ECO "B02"]
[Time "18:46:32"]
[TimeControl "2700+45"]

1. e4 Nf6 2. e5 Nd5 3. c4 Nb6 4. d4 d6 5. exd6 cxd6 6. Nc3 g6 7. Be3 Bg7 8. Rc1
O-O 9. b3 Nc6 10. d5 Ne5 11. Be2 Bf5 12. f4 Ned7 13. Nf3 Nc5 14. O-O e5 15. fxe5
dxe5 16. Bxc5 Re8 17. Be3 e4 18. Nd4 Qf6 19. Nxf5 gxf5 20. Bg4 Qh4 21. Bxf5 Be5
22. Qg4+ Qxg4 23. Bxg4 f6 24. Be6+ Kf8 25. Nxe4 Ke7 26. Rc2 h5 27. Rcf2 Rf8 28.
Nc5 Rh8 29. Nd3 Nd7 30. Nxe5 Nxe5 31. Rxf6 Ng4 32. Rf7+ Kd6 33. c5+ Ke5 34.
R7f5+ Ke4 35. Bc1 Kd4 36. d6 Rae8 {Black resigns} 1-0

[Event "Team 45 45 League T41"]
[Site "Internet Chess Club"]
[Date "2009.05.09"]
[Round "2"]
[White "Emrebey"]
[Black "Jasher"]
[Result "1-0"]
[WhiteElo "1709"]
[BlackElo "1483"]
[Opening "English: Bremen, reverse dragon"]
[ECO "A22"]
[Time "15:11:36"]
[TimeControl "2700+45"]

1. c4 e5 2. Nc3 Nf6 3. g3 d5 4. cxd5 Nxd5 5. Bg2 Nxc3 6. bxc3 c6 7. d4 exd4 8.
Qxd4 Qxd4 9. cxd4 Bb4+ 10. Bd2 Bxd2+ 11. Kxd2 O-O 12. Nf3 Be6 13. Ng5 Bc4 14. e3
Nd7 15. Rab1 f6 16. Rxb7 fxg5 17. Rxd7 Rxf2+ 18. Kc3 Be6 19. Bxc6 Rc8 20. Rd6
Bxa2 21. Kd3 Rxc6 22. Rxc6 Bd5 23. Rc8+ Kf7 24. Rhc1 Ke6 25. R1c2 Rf3 26. Re8+
Kd7 27. Re5 Bb7 28. Rxg5 Ba6+ 29. Ke4 Bb7+ 30. d5 Rf7 31. Kd4 h6 32. Rg6 a5 33.
Ra2 Ke7 34. Rxa5 Rf6 35. Rxg7+ {Black resigns} 1-0

[Event "Team 45 45 League T41"]
[Site "Internet Chess Club"]
[Date "2009.05.07"]
[Round "2"]
[White "fuzzface"]
[Black "havertown"]
[Result "1-0"]
[WhiteElo "1346"]
[BlackElo "1301"]
[Opening "Sicilian: closed"]
[ECO "B23"]
[Time "21:21:20"]
[TimeControl "2700+45"]

1. e4 c5 2. Nc3 e5 3. Bc4 Nf6 4. d3 Be7 5. Nf3 Nc6 6. O-O O-O 7. Ng5 d6 8. Bxf7+
Rxf7 9. Nxf7 Kxf7 10. f4 Bg4 11. Qe1 Nd4 12. Qh4 Nxc2 13. fxe5 dxe5 14. Qxg4 Kg8
15. Qe6+ Kh8 16. Rb1 Nd4 17. Qxe5 Ne2+ 18. Nxe2 Qxd3 19. Qxe7 Re8 20. Qxe8+
{Black resigns} 1-0

[Event "Team 45 45 League T41"]
[Site "Internet Chess Club"]
[Date "2009.05.09"]
[Round "2"]
[White "Visin"]
[Black "MateIn42"]
[Result "1/2-1/2"]
[WhiteElo "1330"]
[BlackElo "1414"]
[Opening "Scotch game"]
[ECO "C45"]
[Time "08:32:36"]
[TimeControl "2700+45"]

1. e4 e5 2. Nf3 Nc6 3. d4 exd4 4. Nxd4 Qf6 5. Nxc6 Qxc6 6. Bd3 Nf6 7. Qf3 d6 8.
h3 Be7 9. Nc3 O-O 10. Be3 a6 11. Nd5 Re8 12. Nxe7+ Rxe7 13. Bg5 d5 14. Bxf6 Qxf6
15. Qxf6 gxf6 16. f3 dxe4 17. fxe4 Bf5 18. Kf2 Bxe4 19. Bxe4 Rxe4 20. Rhe1 f5
21. Rad1 Rae8 22. Rxe4 fxe4 23. Ke3 Re7 24. g4 Kg7 25. Rd4 Kg6 26. Rxe4 Rxe4+
27. Kxe4 Kg5 28. Kf3 f5 29. c4 fxg4+ 30. hxg4 c5 31. a4 a5 32. Kg3 b6 33. Kf3 h6
34. Kg3 Kf6 35. Kf4 Kg6 36. Kg3 Kg5 37. Kf3 Kg6 38. Kf4 Kf6 39. Ke4 Kg5 40. Kf3
{Game drawn by mutual agreement} 1/2-1/2

[Event "Team 45 45 League T41"]
[Site "Internet Chess Club"]
[Date "2009.05.11"]
[Round "2"]
[White "jschneigi"]
[Black "otib2006"]
[Result "1/2-1/2"]
[WhiteElo "1250"]
[BlackElo "1267"]
[Opening "Réti: King's Indian attack"]
[ECO "A05"]
[Time "16:02:31"]
[TimeControl "2700+45"]

1. Nf3 Nf6 2. g3 g6 3. Bg2 Bg7 4. d3 O-O 5. O-O d5 6. Nbd2 Bg4 7. Re1 Nc6 8. b3
e5 9. e4 dxe4 10. Nxe4 Nd4 11. c3 Nxe4 12. cxd4 Nc3 13. Qc2 Bxf3 14. Bxf3 Qxd4
15. Bb2 Rad8 16. Rad1 e4 17. Rxe4 Qc5 18. d4 Bxd4 19. Rdxd4 Rxd4 20. Rxd4 Qxd4
21. Bxc3 Qc5 22. Qd2 b6 23. Bb4 Qf5 24. Kg2 Re8 25. Qd5 Qxd5 26. Bxd5 Re2 27. a4
c5 28. Ba3 Rd2 29. Bc4 Rd1 30. Bb2 Rb1 31. Be5 a6 32. Bd6 b5 33. axb5 axb5 34.
Bxb5 Rxb3 35. Be2 Rb2 36. Kf3 Rc2 37. Bd1 Rd2 38. Bxc5 Rxd1 39. Kf4 Rh1 40. h4
Rc1 41. Be3 Rc4+ 42. Kf3 Rc3 43. Kf4 Rc4+ 44. Kf3 f5 45. h5 gxh5 46. Bf4 Rc3+
47. Kg2 Kf7 48. Kh3 Rc2 49. Be3 Ke6 50. Kh4 Kf6 51. Kxh5 Rc7 52. Bg5+ Kg7 53.
Bf4 Rc6 54. Kg5 Rc5 55. Be3 Rb5 56. Bd4+ Kg8 57. Kf6 Rb4 58. Be5 h5 59. Kg5 Kf7
60. Kxf5 h4 61. gxh4 Rxh4 62. Bg3 Ra4 {Game drawn by mutual agreement} 1/2-1/2

[Event "Team 45 45 League T41"]
[Site "Internet Chess Club"]
[Date "2009.05.09"]
[Round "2"]
[White "Invicta-Knight"]
[Black "rookmaster23"]
[Result "1-0"]
[WhiteElo "1599"]
[BlackElo "1321"]
[Opening "Sicilian: Grand Prix attack"]
[ECO "B23"]
[Time "15:02:59"]
[TimeControl "2700+45"]

1. e4 c5 2. Nc3 Nc6 3. f4 e5 4. fxe5 Nxe5 5. Nf3 Nxf3+ 6. Qxf3 Nf6 7. Bc4 d6 8.
O-O Be7 9. d3 a6 10. a4 Be6 11. Nd5 O-O 12. Bg5 Nxd5 13. exd5 Bxg5 14. dxe6 fxe6
15. Bxe6+ Kh8 16. Qxb7 Rb8 17. Qxa6 Rxb2 18. Bb3 Bf6 19. Rae1 Bc3 20. Rd1 h6 21.
Qc6 Bd4+ 22. Kh1 Rxf1+ 23. Rxf1 Be5 24. Qf3 g5 25. a5 Qf6 26. Qxf6+ Bxf6 27. a6
{Black resigns} 1-0

[Event "Team 45 45 League T41"]
[Site "Internet Chess Club"]
[Date "2009.05.10"]
[Round "2"]
[White "PawnSensei"]
[Black "stputte"]
[Result "1/2-1/2"]
[WhiteElo "1388"]
[BlackElo "1439"]
[Opening "Alekhine's defense: four pawns attack, 6...Nc6"]
[ECO "B03"]
[Time "13:38:59"]
[TimeControl "2700+45"]

1. e4 Nf6 2. e5 Nd5 3. d4 d6 4. c4 Nb6 5. f4 dxe5 6. fxe5 Nc6 7. Nf3 Bg4 8. Be3
e6 9. Be2 Bxf3 10. gxf3 Qh4+ 11. Bf2 Bb4+ 12. Nc3 Qf4 13. Qd2 Qxd2+ 14. Kxd2 Rd8
15. Kc2 Nxd4+ 16. Bxd4 Rxd4 17. b3 O-O 18. a3 Bxc3 19. Kxc3 Rfd8 20. Rad1 Rxd1
21. Rxd1 Rxd1 22. Bxd1 g5 23. Bc2 c5 24. Be4 Nd7 25. Bxb7 Nxe5 26. b4 cxb4+ 27.
axb4 Kf8 28. Kd4 f6 29. c5 Ke8 30. b5 Kd8 31. Be4 h5 32. h3 Kc7 33. Ke3 Nd7 34.
Kd4 f5 35. Bc6 g4 36. hxg4 hxg4 37. fxg4 fxg4 38. Bxd7 Kxd7 39. Ke3 e5 40. Kf2
Ke6 41. b6 axb6 42. cxb6 Kd7 43. Kg3 Kc6 44. Kxg4 Kxb6 45. Kf5 e4 46. Kxe4 {Game
drawn because neither player has mating material} 1/2-1/2

[Event "Team 45 45 League T41"]
[Site "Internet Chess Club"]
[Date "2009.05.10"]
[Round "2"]
[White "slipkid"]
[Black "BosqueVerde"]
[Result "1-0"]
[WhiteElo "1476"]
[BlackElo "1218"]
[Opening "Scotch gambit"]
[ECO "C44"]
[Time "13:04:44"]
[TimeControl "2700+45"]

1. e4 e5 2. Nf3 Nc6 3. d4 exd4 4. Bc4 d3 5. cxd3 Bc5 6. O-O Nf6 7. Bg5 d6 8. Nc3
O-O 9. Nd5 Be6 10. Nxf6+ gxf6 11. Bh6 Re8 12. Bxe6 fxe6 13. Nd4 Bxd4 14. Qg4+
Kf7 15. Qg7# {Black checkmated} 1-0

[Event "Team 45 45 League T41"]
[Site "Internet Chess Club"]
[Date "2009.05.12"]
[Round "2"]
[White "WzeroMN"]
[Black "JimGaming"]
[Result "1-0"]
[WhiteElo "1239"]
[BlackElo "1304"]
[Opening "Sicilian: accelerated fianchetto, exchange variation"]
[ECO "B34"]
[Time "14:00:12"]
[TimeControl "2700+45"]

1. e4 c5 2. Nf3 g6 3. d4 cxd4 4. Nxd4 Nc6 5. Nxc6 bxc6 6. Nc3 Bg7 7. Bf4 Qb6 8.
Rb1 Bd4 9. Bg3 Qb4 10. Qd3 a5 11. Be2 Ba6 12. Qf3 Bxe2 13. Kxe2 Nf6 14. Rhe1 O-O
15. Kf1 Qc4+ 16. Qe2 Qxe2+ 17. Nxe2 Nxe4 18. Nxd4 Nd2+ 19. Kg1 Nxb1 20. Rxb1 a4
21. a3 Ra5 22. Re1 Re8 23. b4 axb3 24. Nxb3 Rxa3 25. Bd6 e6 26. Bxa3 Ra8 27. Bb2
f5 28. f4 Kf7 29. Ra1 Rb8 30. Be5 Rb7 31. Kf2 Ke7 32. Kg3 d6 33. Bb2 e5 34. fxe5
dxe5 35. Bxe5 Ke6 36. Nc5+ Kxe5 {Black resigns} 1-0